 Dungeon Sprint DCSS version 0.30.1-11-g7821555f0a (webtiles) character file.

Game seed: 625370521688523785

58 Heoruswealwe the Destroyer (level 3, 19/19 HPs)
             Began as a Deep Elf Conjurer on Nov 1, 2023.
             Got out of the dungeon alive.
             The game lasted 00:01:26 (154 turns).

Heoruswealwe the Destroyer (Deep Elf Conjurer)       Turns: 154, Time: 00:01:27

Health: 19/19      AC:  2    Str:  4    XL:     3   Next: 76%
Magic:  11/11      EV: 13    Int: 24    God:
Gold:   24         SH:  0    Dex: 13    Spells: 10/11 levels left

rFire   . . .        (no weapon)
rCold   . . .        (no shield)
rNeg    . . .        a - +0 robe
rPois   .            (no helmet)
rElec   .            (no cloak)
rCorr   .            (no gloves)
SInv    .            (no boots)
Will    .....        (no amulet)
Stlth   ++           (no ring)
HPRegen 0.23/turn    (no ring)
MPRegen 0.12/turn

%: no teleportation
@: no status effects
A: hooves 1, mutation resistance 1
a: no special abilities


You escaped.
You visited 1 branch You collected 24 gold pieces.

Inventory:

Armour
 a - a +0 robe (worn)
Scrolls
 g - a scroll of blinking
 m - a scroll of torment
Potions
 b - 3 potions of magic
 c - a potion of curing
 d - a potion of heal wounds
 e - a potion of haste
 f - a potion of berserk rage
 h - a potion of might
 i - 3 potions of mutation
 l - a potion of flight


   Skills:
 + Level 3.4 Dodging
 + Level 3.2 Stealth
 + Level 4.5 Spellcasting
 + Level 8.3 Conjurations


You had 10 spell levels left.
You knew the following spells:

 Your Spells              Type           Power      Damage    Failure   Level
a - Magic Dart            Conj           100%       1d8       1%          1

Your spell library contained the following spells:

 Spells                   Type           Power      Damage    Failure   Level
 Searing Ray              Conj           90%        2d7       1%          2
 Dazzling Flash           Conj/Hex       50%        N/A       4%          3
 Fulminant Prism          Conj/Hex       12%        3d8       17%         4
 Iskenderun's Mystic Bla  Conj/Tloc      25%        2d7       17%         4


Dungeon Overview and Level Annotations

Branches:
Dungeon (1/1)

Altars:


Innate Abilities, Weirdness & Mutations

You have large cloven feet.
You are somewhat resistant to further mutation.


Message History

Okay, then.
Unknown command.
As you read the scroll labelled JIOMNU KADAOTU, it crumbles to dust.
The air around you briefly surges with heat, but it dissipates.
It was a scroll of immolation.
As you read the scroll labelled FIFYOL DEIFYL, it crumbles to dust.
It is a scroll of identify.
m - a scroll of torment
As you read the scroll of identify, it crumbles to dust.
h - a potion of might
Okay, then.
It was a potion of mutation.
You feel extremely strange.
You feel genetically stable.
Your feet thicken and deform.
It was a potion of flight.
You feel very buoyant.
You fly up into the air.
It was a potion of lignification.
You turn into a tree.
Your +0 robe melds into your body.
Your roots penetrate the ground.
You start resting.
Your transformation is almost over.
HP restored.
You feel less wooden.
Your +0 robe unmelds from your body.
Casting: Magic Dart (safe; 1% risk of failure)
Confirm with . or Enter, or press ? or * to list all spells.
You don't know that spell.
Press: ? - help, . - travel You can't see that place. [a staircase leading out of the dungeon.]
There is an open door here.
You see here a scorpion corpse.
Magic restored.
There is an open door here.
There is an open door here.
There is an open door here.
There is a staircase leading out of the dungeon here.
Are you sure you want to leave the Dungeon?
This will make you lose the game!
Alright, then stay!
Are you sure you want to leave the Dungeon?
This will make you lose the game!
You have escaped!

▓▓▓▓▓▓▓▓▓▓▓▓
▓@.#..'....♣♣♣
▓..#..#......♣
▓#'####.....♣♣
▓.....#....~.♣♣
▓.....#...~~..♣
▓.....#..~~~~♣♣
▓####'#†.~≈≈~~~
▓.....#.~~≈~~~.
▓.....#.~≈~~~..


There were no monsters in sight!

Vanquished Creatures
  A scorpion (D)
  An endoplasm (D)
  3 rats (D)
5 creatures vanquished.

Notes
Turn   | Place    | Note
-------+----------+-------------------------------------------
     0 | D        | Heoruswealwe the Deep Elf Conjurer began the quest for the
                  | Orb.
     0 | D        | Reached XP level 1. HP: 10/10 MP: 6/6
     6 | D        | Reached skill level 5 in Conjurations
    52 | D        | Noticed a scorpion
    58 | D        | Killed a scorpion
    59 | D        | Reached skill level 8 in Conjurations
    59 | D        | Reached XP level 2. HP: 15/15 MP: 1/9
    59 | D        | Reached XP level 3. HP: 19/19 MP: 1/11
    80 | D        | Gained mutation: You are somewhat resistant to further
                  | mutation. [potion of mutation]
    80 | D        | Gained mutation: You have large cloven feet. [potion of
                  | mutation]
   154 | D        | Got out of the dungeon alive.

Illustrated notes

Levels and vault maps discovered:
D:        dungeon_sprint_mu [sprint_mu_entry_forest, sprint_mu_temple_rooms,
          sprint_mu_d1_spiders, sprint_mu_d2_genie, sprint_mu_d3_branching,
          sprint_mu_orc_legion, sprint_mu_elf_gauntlet, sprint_mu_hive_nellie,
          sprint_mu_lair_fedhas, sprint_mu_vaults_butterflies,
          sprint_mu_slime_circle, sprint_mu_swamp_cave, sprint_mu_snake_twists,
          sprint_mu_blade_basic, sprint_mu_crypt_lich, sprint_mu_tomb_spiral,
          sprint_mu_vestibule_basic, sprint_mu_gehenna_hellfire,
          sprint_mu_dis_giant, sprint_mu_tartarus_statrot,
          sprint_mu_cocytus_islands, sprint_mu_zot1]

Skill      XL: |  1 |
---------------+----+-----
Conjurations   | 8 |  8.3
Dodging        | 3 |  3.4
Stealth        | 3 |  3.2
Spellcasting   | 4 |  4.5

Action                     || total
---------------------------++-------
   Cast: Magic Dart        ||    10
    Use: Scroll            ||     3
         Potion            ||     3
 Armour: Robe              ||     1
  Dodge: Dodged            ||     1
